 Dungeon Crawl Stone Soup version 0.20-a0-738-gb057e68 (webtiles) character file.

280 Gorglomux the Covert (level 6, -11/28 HPs)
             Began as a Spriggan Enchanter on Feb 23, 2017.
             Mangled by Menkaure (15 damage)
             ... on level 4 of the Dungeon.
             The game lasted 00:09:21 (3490 turns).

Gorglomux the Covert (Spriggan Enchanter)           Turns: 3490, Time: 00:09:22

Health: -11/28     AC:  2    Str:  4    XL:     6   Next: 5%
Magic:  2/11       EV: 18    Int: 19    God:
Gold:   131        SH:  0    Dex: 16    Spells: 4/10 levels left

rFire    . . .     SeeInvis +   a - +1 dagger
rCold    . . .     Gourm    .   b - +0 robe
rNeg     . . .     Faith    .   (shield restricted)
rPois    .         Spirit   .   (helmet restricted)
rElec    .         Reflect  .   (no cloak)
rCorr    .         Harm     .   (gloves unavailable)
MR       +....                  (boots unavailable)
Stlth    ++++......             r - amulet of regeneration
Regen    0.5/turn               (no ring)
MPRegen  0.2/turn               (no ring)

@: very quick
A: unfitting armour, see invisible, herbivore 3, speed 3, slow metabolism 2
a: no special abilities


You were on level 4 of the Dungeon.
You were hungry.

You visited 1 branch of the dungeon, and saw 4 of its levels.

You collected 131 gold pieces.

Inventory:

Hand Weapons
 a - a +1 dagger (weapon)
Missiles
 j - 6 tomahawks (quivered)
Armour
 b - a +0 robe (worn)
Jewellery
 r - an amulet of regeneration (around neck)
 x - an uncursed ring of fire
Scrolls
 e - 8 scrolls of identify {unknown}
 f - a scroll of blinking {unknown}
 g - 2 scrolls of remove curse {unknown}
 h - 2 scrolls of teleportation {unknown}
 u - 4 scrolls of recharging {unknown}
 w - 3 scrolls of fear {unknown}
Potions
 s - a potion of curing {unknown}
 t - a potion of lignification {unknown}
 v - a potion of mutation {unknown}
Books
 c - a book of Maledictions

   Spells                             Type                      Level
   a - Corona                         Hexes                        1
   b - Ensorcelled Hibernation        Hexes/Ice                    2
   c - Confuse                        Hexes                        3
   d - Tukima's Dance                 Hexes                        3
   e - Dazzling Spray                 Conjuration/Hexes            3
Comestibles
 d - 3 bread rations
 q - a royal jelly


   Skills:
 + Level 4.8 Short Blades
 - Level 3.0 Dodging
 - Level 8.0 Stealth
 - Level 2.6 Spellcasting
 - Level 3.6 Hexes


You had 4 spell levels left.
You knew the following spells:

 Your Spells              Type           Power        Failure   Level  Hunger
a - Corona                Hex            ###....      4%          1    None
x - Confuse               Hex            ###.....     12%         3    ###....
z - Ensorcelled Hibernat  Hex/Ice        #.....       14%         2    ##.....


Dungeon Overview and Level Annotations

Branches:
Dungeon (4/15)
 Temple: D:4-7

Altars:

Annotations:
D:4 Menkaure


Innate Abilities, Weirdness & Mutations

You are very small and have problems with some larger weapons.
You are too small for most types of armour.
You have supernaturally acute eyesight. (SInv)
You are a herbivore.
You cover ground extremely quickly.
You need consume almost no food.


Message History

Aiming: Confuse
Press: ? - help, Shift-Dir - straight line, f - Menkaure
Aim: Menkaure (chance to defeat MR: 47%) Menkaure resists with some effort.
Menkaure barely misses you.
Casting: Confuse
Confirm with . or Enter, or press ? or * to list all spells.
Aiming: Confuse
Press: ? - help, Shift-Dir - straight line, f/p - Menkaure
Aim: Menkaure (chance to defeat MR: 47%) Menkaure resists with some effort.
Menkaure hits you!!
Ouch! That really hurt!
* * * LOW HITPOINT WARNING * * *
Casting: Confuse
Confirm with . or Enter, or press ? or * to list all spells.
Aiming: Confuse
Press: ? - help, Shift-Dir - straight line, f/p - Menkaure
Aim: Menkaure (chance to defeat MR: 47%) Menkaure resists with some effort.
Menkaure hits you!
Ouch! That really hurt!
You die...

≈≈.≈≈≈≈≈≈≈P♣........
.♣♣♣♣≈≈≈.≈≈≈≈≈≈≈♣#........
≈≈≈≈≈≈≈.≈≈≈≈≈≈≈..........
≈P≈≈≈≈PP≈.≈≈P≈≈≈......$.... ≈≈
P≈≈≈≈P≈≈≈.≈P≈P≈............ ...
..........≈≈♣##........... P≈≈≈
≈≈≈≈≈≈≈≈..≈♣.............. ≈≈≈≈♣
♣♣≈≈ ♣P...##.M.#..........
≈≈≈PP♣♣≈≈♣♣♣♣...@#...##..........
♣≈P.....♣P≈.....M##.#...........
#....)..........###†..#........
#....<.....##......[.##........
#..........##..................
..........>..#..................#
............##...............#.#.
............#.....#......###...#.
............#..........#... .


You could see Menkaure.

Vanquished Creatures
  The ghost of Alarkh the Slasher, a weakling DsMo (D:4)
  2 orc priests
  Jessica (D:3)
  Ijyb (D:2)
  Robin (D:2)
  3 adders
  2 worms (D:2)
  3 dart slugs
  3 leopard geckos
  6 orcs
  A ball python (D:1)
  13 bats
  2 giant cockroaches
  13 goblins
  9 hobgoblins
  A quokka (D:2)
  5 frilled lizards
  3 kobolds
  6 rats
76 creatures vanquished.

Notes
Turn   | Place    | Note
-------+----------+-------------------------------------------
     0 | D:1      | Gorglomux the Spriggan Enchanter began the quest for the Orb.
     0 | D:1      | Reached XP level 1. HP: 9/9 MP: 5/5
     6 | D:1      | Noticed a hound
     6 | D:1      | Noticed a swamp drake
     6 | D:1      | Noticed a lindwurm
     6 | D:1      | Noticed a komodo dragon
   249 | D:1      | Reached XP level 2. HP: 13/13 MP: 6/6
   280 | D:1      | Reached skill level 5 in Stealth
   372 | D:1      | Learned a level 2 spell: Ensorcelled Hibernation
  1740 | D:2      | Noticed Ijyb
  1752 | D:2      | Killed Ijyb
  1752 | D:2      | Reached XP level 3. HP: 13/16 MP: 5/8
  1761 | D:2      | Reached skill level 6 in Stealth
  2061 | D:2      | Reached skill level 3 in Short Blades
  2061 | D:2      | Reached XP level 4. HP: 17/21 MP: 5/9
  2276 | D:2      | Noticed Robin
  2353 | D:2      | Killed Robin
  2704 | D:3      | Reached XP level 5. HP: 24/24 MP: 7/10
  2772 | D:3      | Reached skill level 7 in Stealth
  3082 | D:3      | Noticed Jessica
  3089 | D:3      | Killed Jessica
  3300 | D:4      | Noticed Alarkh's ghost (weakling DsMo)
  3304 | D:4      | Learned a level 3 spell: Confuse
  3316 | D:4      | Killed Alarkh's ghost
  3339 | D:4      | Noticed Menkaure
  3366 | D:4      | Reached skill level 8 in Stealth
  3366 | D:4      | Reached XP level 6. HP: 14/28 MP: 5/11
  3490 | D:4      | Mangled by Menkaure

Vault maps used:
D:1:      onia_arrival_zoo_common
D:2:      minmay_misc_feat_chi, uniq_robin, uniq_iyjb
D:3:      minmay_strange_pillars, roderic_batcave, uniq_jessica
D:4:      serial_bayou, serial_bayou_pond_b, serial_bayou_pond_d,
          serial_bayou_lagoon_b, serial_bayou_lagoon_a, serial_bayou_shore_a,
          serial_bayou_ford_a, first_bread, uniq_menkaure

Skill      XL: |  1  2  3  4  5 |
---------------+----------------+-----
Stealth        | 5 6 8 |  8.0
Short Blades   | 2 3 4 |  4.8
Dodging        | |  3.0
Spellcasting   | |  2.6
Hexes          | |  3.6

Action                   |  1- 3 |  4- 6 || total
-------------------------+-------+-------++-------
Melee: Dagger            |   177 |   184 ||   361
Throw: Tomahawk          |     6 |       ||     6
 Cast: Ensorcelled Hiber |    16 |     8 ||    24
       Corona            |     5 |       ||     5
       Confuse           |       |     4 ||     4
 Stab: Sleeping          |    14 |    12 ||    26
       Distracted        |       |     1 ||     1
       Confused          |       |     1 ||     1
  Eat: Royal jelly       |       |     1 ||     1
Armor: Robe              |    14 |    23 ||    37
Dodge: Dodged            |   184 |   191 ||   375
